 Dungeon Crawl Stone Soup version 0.31-a0-360-gb3e1d13bf4 (webtiles) character file.

Game seed: 4341860978729443703

35 cforsyth the Charlatan (level 3, -6/28 HPs)
             Began as a Gnoll Artificer on July 26, 2023.
             Killed by nerve-wracking pain
             ... invoked by Jessica
              (14 damage)
             ... on level 2 of the Dungeon.
             The game lasted 00:01:39 (1703 turns).

cforsyth the Charlatan (Gnoll Artificer)            Turns: 1703, Time: 00:01:39

Health: -6/28      AC:  9    Str: 11    XL:     3   Next: 33%
Magic:  4/4        EV:  6    Int: 12    God:
Gold:   110        SH:  5    Dex: 12    Spells: 3/3 levels left

rFire   . . .        a - +0 club
rCold   . . .        (no shield)
rNeg    . . .        k - +0 chain mail
rPois   .            (no helmet)
rElec   .            (no cloak)
rCorr   .            (no gloves)
SInv    .            (no boots)
Will    .....        g - amulet of reflection Stlth
                     (no ring)
HPRegen 0.24/turn    (no ring)
MPRegen 0.09/turn

%: reflection
@: no status effects
A: fangs 1, strong nose, distributed training
a: no special abilities


You were on level 2 of the Dungeon.
You visited 1 branch of the dungeon, and saw 2 of its levels.

You collected 110 gold pieces.

Inventory:

Hand Weapons
 a - a +0 club (weapon)
Armour
 b - a +0 leather armour
 f - a +0 ring mail
 k - a +0 chain mail (worn)
Jewellery
 g - an amulet of reflection (around neck)
Wands
 c - a wand of flame (12) (quivered)
 d - a wand of charming (15)
 e - a wand of iceblast (5)
Scrolls
 h - a scroll of identify {unknown}
 o - a scroll of fog {unknown}
Potions
 i - a potion of attraction {unknown}
 j - a potion of lignification {unknown}
 l - 3 potions of might {unknown}
 m - a potion of curing {unknown}
 n - a potion of mutation {unknown}
 p - a potion of haste {unknown}


   Skills:
 + Level 2.6 Fighting
 + Level 0.7 Short Blades
 + Level 0.7 Long Blades
 + Level 0.7 Axes
 + Level 0.7 Maces & Flails
 + Level 0.7 Polearms
 + Level 0.7 Staves
 + Level 0.7 Ranged Weapons
 + Level 0.7 Throwing
 + Level 4.5 Armour
 + Level 2.6 Dodging
 + Level 2.3 Stealth
 + Level 0.7 Shields
 + Level 0.7 Unarmed Combat
 + Level 0.7 Spellcasting
 + Level 0.5 Conjurations
 + Level 0.5 Hexes
 + Level 0.5 Summonings
 + Level 0.5 Necromancy
 + Level 0.5 Translocations
 + Level 0.5 Transmutations
 + Level 0.5 Fire Magic
 + Level 0.5 Ice Magic
 + Level 0.5 Air Magic
 + Level 0.5 Earth Magic
 + Level 0.5 Poison Magic
 + Level 0.9 Invocations
 + Level 6.5 Evocations
 + Level 0.5 Shapeshifting


You had 3 spell levels left.
You didn't know any spells.
Your spell library contained the following spells:

 Spells                   Type           Power      Damage    Failure   Level
 Ensorcelled Hibernation  Hex/Ice        2%         N/A       100%        2
 Passwall                 Tmut/Erth      0%         N/A       100%        2
 Swiftness                Air            1%         N/A       100%        3


Dungeon Overview and Level Annotations

Branches:
Dungeon (2/15)

Altars:

Annotations:
D:2 Jessica


Innate Abilities, Weirdness & Mutations

You have very sharp teeth.
Your uncanny sense of smell can sniff out nearby items.
Your experience applies equally to all skills.


Message History

You hit Jessica but do no damage. You bite Jessica, but do no damage.
Jessica hits you but does no damage.
You hit Jessica but do no damage. Jessica hits you but does no damage. x2
You barely miss Jessica.
Jessica shouts, "You are a ghastly nuisance!"
Jessica points at you and mumbles some strange words.
Pain shoots through your body!
Ouch! That really hurt!
You are too injured to fight recklessly!
You are too injured to fight recklessly!
You are too injured to fight recklessly!
You are too injured to fight recklessly!
You are too injured to fight recklessly!
You are too injured to fight recklessly!
You are too injured to fight recklessly!
You are too injured to fight recklessly!
You are too injured to fight recklessly!
You hit Jessica but do no damage. Jessica hits you but does no damage.
You barely miss Jessica. Jessica hits you with a +0 club.
You closely miss Jessica. You bite Jessica, but do no damage.
Jessica hits you but does no damage. x2
Aiming: Throw Flame
Press: ? - help, Shift-Dir - straight line, f - Jessica
Aim: Jessica, wielding a +0 club and wearing a +2 robe of fire resistance (74% to hit)
The puff of flame misses Jessica.
Jessica hits you with a +0 club.
Aiming: Throw Flame
Press: ? - help, Shift-Dir - straight line, f/p - Jessica
Aim: Jessica, wielding a +0 club and wearing a +2 robe of fire resistance (74% to hit)
The puff of flame hits Jessica.
Jessica resists.
Jessica is heavily wounded.
Jessica hits you with a +0 club.
* * * LOW HITPOINT WARNING * * *
Aiming: Throw Flame
Press: ? - help, Shift-Dir - straight line, f/p - Jessica
Aim: Jessica, wielding a +0 club and wearing a +2 robe of fire resistance (heavily wounded, 74% to hit)
The puff of flame misses Jessica.
Jessica gestures at you while chanting. Pain shoots through your body!
Ouch! That really hurt!
You die...

..#≈~#...#......####
###~≈≈~###~......+..#
. ≈≈≈≈≈≈≈≈~.......##..
..
≈≈≈≈≈≈≈≈~..##.####..
.~ #≈≈≈~###~.##.# #.#
#. #~~#...#.##.####.#
#.⌠ #..#.⌠.#.##....#)#
#...#..#...#.####.....
#@@..###..# #.....
#..............#
#.....
################
##+#.. #.... ##### #..
#.. #.. ###


You could see Jessica.

Vanquished Creatures
  A worm (D:2)
  2 dart slugs (D:1)
  3 endoplasms
  2 goblins
  3 hobgoblins (D:1)
  2 quokkas (D:2)
  3 ball pythons
  2 bats (D:1)
  3 frilled lizards
  3 kobolds
  4 rats
28 creatures vanquished.

Notes
Turn   | Place    | Note
-------+----------+-------------------------------------------
     0 | D:1      | cforsyth the Gnoll Artificer began the quest for the Orb.
     0 | D:1      | Reached XP level 1. HP: 17/17 MP: 1/1
   156 | D:1      | Reached XP level 2. HP: 23/23 MP: 2/2
  1050 | D:2      | Reached XP level 3. HP: 27/28 MP: 3/3
  1069 | D:2      | Identified the +5 ring mail "Piewnai" {Will+ Str+3 Int-2}
  1692 | D:2      | Noticed Jessica
  1703 | D:2      | Killed from afar by Jessica

Illustrated notes

Levels and vault maps discovered:
D:1:      spicycebolla_arrival_ecumenical, layout_loops_cross,
          chequers_serial_rivers_micro_a, hangedman_decor_push,
          minmay_misc_feat_room, minmay_misc_feat_encased, roderic_lattice_a
D:2:      layout_basic, fountainhead, uniq_jessica

Action                     || total
---------------------------++-------
  Melee: Club              ||   141
         Bite              ||    25
         Punch             ||     2
  Evoke: Wand              ||     3
   Stab: Sleeping          ||     4
 Armour: Leather armour    ||     7
         Ring mail         ||    17
         Chain mail        ||    59
  Dodge: Dodged            ||    41
  Block: Other             ||    34
         Reflection        ||     1

Table legend: (Time is in decaauts)
 A = Elapsed time spent in this place.
 B = Non-inter-level travel time spent in this place.
 C = Inter-level travel time spent in this place.
 D = Time resting spent in this place.
 E = Time spent auto-exploring this place.
 F = Levels seen in this place.
 G = Mean time per level.
                   A        B        C        D        E       F      G
               +--------+--------+--------+--------+--------+-----+--------+
         Total |   1742 |   1697 |     45 |      0 |   1262 |   2 |  871.0 |
       Dungeon |   1742 |   1697 |     45 |      0 |   1262 |   2 |  871.0 |
               +--------+--------+--------+--------+--------+-----+--------+

Top non-repeatable levels by time:
     D:1: 912 daAuts
     D:2: 829 daAuts
